 Dungeon Crawl Stone Soup version 0.30-a0-40-gc6d0f036a7 (webtiles) character file.

Game seed: 9722873683896681816

129776 porpoise the Warrior (level 17, -4/155 HPs)
             Began as a Merfolk Gladiator on Aug 28, 2022.
             Was a High Priest of Yredelemnul.
             Slain by a merfolk
             ... wielding a +0 trident
              (21 damage)
             ... on level 4 of the Shoals on Aug 29, 2022.
             The game lasted 02:36:27 (28380 turns).

porpoise the Warrior (Merfolk Gladiator)           Turns: 28380, Time: 02:36:27

Health: -4/155     AC: 14    Str: 21    XL:     17   Next: 6%
Magic:  26/26      EV: 25    Int: 13    God:    Yredelemnul [*****.]
Gold:   1615       SH: 12    Dex: 18    Spells: 14/22 levels left

rFire   + . .      SeeInvis +    b - +4 broad axe "Vypsam" {spect, rPois rN+ Will+}
rCold   + + .      Faith    .    t - +1 buckler of the Nexus {Contam Regen+ Dex+8 Stlth+}
rNeg    + + +      Spirit   .    F - +3 leather armour "Besaoste" {Int+4 SInv}
rPois   +          Reflect  +    m - +1 helmet
rElec   +          Harm     .    Y - scarf {rC+ rF+}
rCorr   +          Rampage  .    g - +0 pair of gloves
Will    ++...                    (boots currently unavailable)
Stlth   +++.......               u - amulet of reflection
HPRegen 1.95/turn                J - +4 ring of protection
MPRegen 0.20/turn                W - ring "Ginyst" {rElec rC+ rN++ rCorr Dex-5}

@: about to teleport, hasted, very quick
A: nimble swimmer 2, mertail, regeneration 1
a: Renounce Religion, Recall Undead Harvest, Dark Bargain, Drain Life, Bind Soul


You were on level 4 of the Shoals.
You worshipped Yredelemnul.
Yredelemnul was pleased with you.
You visited 4 branches of the dungeon, and saw 26 of its levels.
You also visited: Gauntlet.

You collected 2305 gold pieces.
You spent 690 gold pieces at shops.

Inventory:

Hand Weapons
 a - a +5 demon trident of venom
 b - the +4 broad axe "Vypsam" (weapon) {spect, rPois rN+ Will+}
   (You took it off a minotaur in a Gauntlet)

   When its wielder attacks, the weapon's spirit leaps out and strikes again.
   The spirit shares a part of any damage it takes with its wielder.
   rPois:     It protects you from poison.
   rN:        It protects you from negative energy.
   Will:      It increases your willpower.
Missiles
 d - 8 throwing nets
 f - 12 boomerangs
 k - 9 javelins (quivered)
 C - a boomerang of dispersal
 L - 5 curare-tipped darts
Armour
 e - a +0 pair of boots (melded)
 g - a +0 pair of gloves (worn)
 m - a +1 helmet (worn)
 t - the +1 buckler of the Nexus (worn) {Contam Regen+ Dex+8 Stlth+}
   (You found it on level 4 of the Lair of Beasts)

   Dex:       It affects your dexterity (+8).
   Contam:    It causes magical contamination when unequipped.
   Regen:     It increases your rate of health regeneration.
   Stlth:     It makes you more stealthy.
 F - the +3 leather armour "Besaoste" (worn) {Int+4 SInv}
   (You found it on level 9 of the Dungeon)

   Int:       It affects your intelligence (+4).
   SInv:      It lets you see invisible.
 Y - a scarf of resistance (worn)
Jewellery
 i - a ring of ice
 j - the ring "Umaeh" {*Slow Str+7 Dex+6}
   (You found it on level 4 of the Shoals)

   [ring of dexterity]

   Str:       It affects your strength (+7).
   Dex:       It affects your dexterity (+6).
   *Slow:     It may slow you when you take damage.
 u - an amulet of reflection (around neck)
 A - a ring of fire
 J - a +4 ring of protection (left hand)
 W - the ring "Ginyst" (right hand) {rElec rC+ rN++ rCorr Dex-5}
   (You found it in a Gauntlet)

   [ring of protection from cold]

   Dex:       It affects your dexterity (-5).
   rC:        It protects you from cold.
   rElec:     It insulates you from electricity.
   rN:        It greatly protects you from negative energy.
   rCorr:     It protects you from acid and corrosion.
Wands
 w - a wand of quicksilver (4)
 E - a wand of polymorph (8)
 H - a wand of iceblast (6)
 N - a wand of paralysis (5)
 R - a wand of flame (33)
Scrolls
 c - 3 scrolls of fear
 o - 13 scrolls of magic mapping
 p - a scroll of silence
 r - 6 scrolls of fog
 s - 10 scrolls of teleportation
 y - 2 scrolls of vulnerability
 M - 2 scrolls of blinking
 P - 3 scrolls of poison
Potions
 h - 2 potions of berserk rage
 l - 7 potions of curing
 n - 2 potions of resistance
 q - a potion of invisibility
 v - 6 potions of attraction
 x - a potion of heal wounds
 z - 4 potions of lignification
 B - a potion of flight
 Q - a potion of cancellation
 X - 2 potions of ambrosia
Miscellaneous
 G - a box of beasts (inert)
 T - a lightning rod (4/4)
 U - a phial of floods


   Skills:
 - Level 20.0 Fighting
 - Level 2.0 Short Blades
 * Level 9.1(10.8) Axes
 - Level 14.0(16.3) Polearms
 - Level 7.0 Throwing
 - Level 7.0 Armour
 - Level 14.0 Dodging
 - Level 7.0 Shields
 - Level 3.0 Spellcasting
 - Level 12.0 Invocations
 - Level 7.0 Evocations


You had 14 spell levels left.
You knew the following spells:

 Your Spells              Type           Power      Damage    Failure   Level
c - Summon Ice Beast      Ice/Summ       1%         N/A       97%         4
o - Olgreb's Toxic Radia  Pois           1%         N/A       97%         4

Your spell library contained the following spells:

 Spells                   Type           Power      Damage    Failure   Level
 Foxfire                  Conj/Fire      4%         2x1d4     32%         1
 Freeze                   Ice            4%         1d3       32%         1
 Sandblast                Erth           2%         2d4       32%         1
 Summon Small Mammal      Summ           4%         N/A       32%         1
 Passwall                 Tmut/Erth      0%         N/A       45%         2
 Poisonous Vapours        Pois/Air       2%         N/A       45%         2
 Call Canine Familiar     Summ           1%         N/A       69%         3
 Conjure Flame            Conj/Fire      1%         6-21      69%         3
 Dazzling Flash           Conj/Hex       2%         N/A       69%         3
 Frozen Ramparts          Ice            2%         1d1       69%         3
 Ignite Poison            Fire/Tmut/Pois 1%         N/A       69%         3
 Inner Flame              Hex/Fire       1%         N/A       69%         3
 Mephitic Cloud           Conj/Pois/Air  1%         N/A       69%         3
 Ozocubu's Armour         Ice            1%         N/A       69%         3
 Spider Form              Tmut/Pois      1%         N/A       69%         3
 Stone Arrow              Conj/Erth      2%         3d7       69%         3
 Summon Guardian Golem    Hex/Summ       1%         N/A       69%         3
 Animate Armour           Summ/Erth      2%         N/A       97%         4
 Corpse Rot               Necr/Pois/Air  1%         N/A       97%         4
 Flame Wave               Conj/Fire      1%         2d4       97%         4
 Hailstorm                Conj/Ice       1%         3d3       97%         4
 Ice Form                 Ice/Tmut       1%         N/A       97%         4
 Leda's Liquefaction      Hex/Erth       0%         N/A       97%         4
 Passage of Golubria      Tloc           1%         N/A       97%         4
 Agony                    Necr           1%         N/A       100%        5
 Blade Hands              Tmut           0%         N/A       100%        5
 Borgnjor's Vile Clutch   Necr/Erth      0%         N/A       100%        5
 Freezing Cloud           Conj/Ice/Air   0%         6-21      100%        5
 Irradiate                Conj/Tmut      0%         3d11      100%        5
 Lee's Rapid Deconstruct  Erth           0%         3d5*      100%        5
 Silence                  Hex/Air        0%         N/A       100%        5
 Iron Shot                Conj/Erth      0%         9d1       100%        6
 Statue Form              Tmut/Erth      0%         N/A       100%        6
 Ozocubu's Refrigeration  Ice            0%         4d7       100%        7
 Ignition                 Fire           0%         3d3       100%        8
 Lehudib's Crystal Spear  Conj/Erth      0%         10d2      100%        8
 Necromutation            Tmut/Necr      0%         N/A       100%        8
 Animate Dead             Necr           Unusable   N/A       N/A         4
 Death Channel            Necr           Unusable   N/A       N/A         6

Dungeon Overview and Level Annotations

Branches:
Dungeon (15/15)            Temple (0/1) D:5            Lair (5/5) D:8
 Shoals (4/4) Lair:3       Spider (0/4) Lair:3        Slime (0/5) Lair:4
    Orc (2/2) D:11            Elf (0/3) Orc:2        Vaults (0/5) D:13
 Depths (0/4) D:15        Gauntlet (visited)

Altars:
Cheibriados
Elyvilon
Fedhas
Okawaru
Trog
Uskayaw
Wu Jian
Yredelemnul
The Shining One
Jiyva

Shops:
D:11 *:!?=?   Orc:2 (*?[!   Shoals:1 [

Portals:
Abyss: D:4

Annotations:
D:4 2 transporters, xian's ghost, amateur TrGl
D:8 3 runed translucent doors, voltaire321's ghost, novice DgCj
D:12 3 runed translucent doors, Newt's ghost, journeyman DsGl
Lair:2 exclusion: oklob plant
Lair:3 exclusion: ice statue
Lair:4 exclusion: 2 oklob plants
Orc:2 2 transporters, porpoise's ghost, journeyman MfGl


Innate Abilities, Weirdness & Mutations

You are very nimble when in or above water. (Stealth+, EV+, Speed+++)
Your lower body shifts to a powerful aquatic tail in water.
Your natural rate of healing is unusually fast.


Message History

Your legs become a tail as you dive into the water.
Your +0 pair of boots melds into your body.
Floosh!
As you read the scroll of blinking, it crumbles to dust.
You can now bind living souls.
You break out of your daze!
You feel sick.
Your +0 pair of boots unmelds from your body.
You feel sick.
You feel sick.
You feel sick.
Your surroundings suddenly seem different.
Your legs become a tail as you dive into the water.
Your +0 pair of boots melds into your body.
Floosh!
A water nymph, a sea snake, a manticore and a merfolk come into view.
Found the Codex of Transmutation.
You feel sick.
The water nymph shouts!
The water nymph points at you and mumbles some strange words.
The water swirls and strikes you!
* * * LOW HITPOINT WARNING * * *
The sea snake closely misses you.
The merfolk shouts!
You feel much better. The water nymph touches you.
As you read the scroll of teleportation, it crumbles to dust.
You feel strangely unstable.
You feel sick. The sea snake misses you. The merfolk completely misses you.
You block the water nymph's attack. You block the sea snake's attack.
You see here the Codex of Transmutation.
You pick up the Codex of Transmutation and begin reading...
You add the spells Spider Form, Irradiate and Necromutation to your library.
You feel sick. The merfolk hits you with a +0 trident!
* * * LOW HITPOINT WARNING * * *
You block the sea snake's attack. The water nymph touches you.
As you read the scroll of summoning, it crumbles to dust.
Wisps of shadow whirl around you...
You feel sick.
You are no longer poisoned.
The merfolk hits you with a +0 trident!!
You die...
Your body rises from the dead as a mindless zombie.

≈≈≈≈≈≈≈≈≈≈≈≈≈
≈≈≈≈≈≈≈≈≈≈≈≈≈
≈≈≈≈≈≈≈≈≈≈≈≈≈
≈≈≈≈≈≈≈≈≈≈≈≈≈
≈≈PP~~~≈≈≈≈≈≈ #####
PP~~~~~~~≈≈≈≈
##m~E##~~~P..~~~~~≈≈
#Em~~~#P.P.P...~~~~≈
#~S@~E#PP........~~~
#mHmH~#..P........~~
##~~~##P..........~~
##+## ..........~~~
....#####.~~≈
≈≈≈≈≈≈~~~~~ ...#
##~≈≈ ≈≈≈≈≈≈~~~~ ..
#~≈≈ ≈≈≈≈≈≈~~~~ #≈≈≈
≈≈≈≈≈≈≈~~~ #≈≈≈


You could see a sea snake (ally target), a merfolk, a manticore, a water nymph
(ally target), a friendly merfolk aquamancer (summoned, wandering), a friendly
manticore (summoned, wandering), 3 friendly water elementals and a friendly
merfolk siren (summoned, wandering).

Vanquished Creatures
  A kraken (Shoals:1)
  A minotaur (Gauntlet)
  A merfolk impaler (Shoals:4)
  A green death (Gauntlet)
  7 vault guards (D:13)
  3 hydras
  3 boulder beetles
  A catoblepas (Lair:1)
  2 centaur warriors
  2 two-headed ogres
  A death knight (D:15)
  3 death yaks
  An alligator snapping turtle (Shoals:4)
  A thrashing horror (Gauntlet)
  An orc high priest (Orc:2)
  4 skeletal warriors
  7 sea snakes
  Pikel (D:7)
  4 harpies
  An orc knight (Orc:2)
  3 deep elf pyromancers
  5 ugly things
  A wolf spider (Lair:3)
  3 fauns
  4 cyclopes
  4 elephants
  8 manticores
  4 merfolk sirens
  A black mamba (shapeshifter) (D:13)
  2 black mambas
  A water nymph (Shoals:2)
  A gargoyle (D:11)
  6 cane toads
  A kobold demonologist (D:14)
  An unseen horror (D:12)
  6 rime drakes
  5 komodo dragons
  4 trolls
  11 merfolk
  A polar bear (Lair:4)
  4 hornets
  2 wind drakes
  5 blink frogs
  A tyrant leech (shapeshifter) (D:15)
  3 slime creatures
  3 snapping turtles
  2 shadows (D:11)
  2 wraiths
  2 water elementals
  A vampire (D:9)
  A fire elemental (D:14)
  20 yaks
  A basilisk (D:13)
  4 wyverns
  3 steam dragons
  A vampire mosquito (D:10)
  3 acid dragons
  A hell hound (D:14)
  9 water moccasins
  A hornet zombie (D:5)
  15 orc warriors
  A black bear (D:8)
  A black bear (shapeshifter) (D:13)
  5 ice beasts (Lair:3)
  An ogre (Orc:2)
  14 centaurs
  9 phantoms
  4 kobold brigands
  13 bullfrogs
  A scorpion (Lair:1)
  A necrophage (D:8)
  A water moccasin zombie (D:5)
  A wyvern skeleton (D:5)
  3 wights (D:9)
  A troll zombie (D:11)
  7 killer bees
  A howler monkey (D:10)
  2 electric eels (Lair:1)
  4 bullfrog zombies (D:5)
  2 centaur zombies
  2 hounds
  12 jellies
  3 bullfrog skeletons (D:5)
  7 orc priests
  A centaur skeleton (D:5)
  A gnoll bouda (D:5)
  A scorpion zombie (D:5)
  Jessica (D:3)
  2 iguanas
  9 orc wizards
  A killer bee zombie (D:5)
  4 small abominations (Gauntlet)
  2 ogre zombies (D:11)
  3 hound zombies (D:5)
  A hound skeleton (D:5)
  Robin (D:3)
  7 gnolls
  7 adders
  3 shadow imps
  4 white imps
  2 ufetubi
  A worm (D:5)
  2 dart slugs
  56 orcs
  4 bats
  5 endoplasms
  3 giant cockroaches
  16 goblins
  5 hobgoblins
  9 jackals
  3 quokkas
  10 ball pythons
  3 frilled lizards (D:1)
  A goblin skeleton (D:7)
  4 goblin zombies
  A hobgoblin skeleton (D:11)
  5 hobgoblin zombies
  12 kobolds
  3 orc skeletons
  7 orc zombies (D:11)
  5 rats
503 creatures vanquished.

Vanquished Creatures (collateral kills)
  An orc warlord (Orc:1)
  Azrael (D:14)
  6 merfolk impalers
  A merfolk javelineer (Shoals:4)
  A great orb of eyes (D:15)
  A vault guard (D:13)
  5 hydras
  A merfolk avatar (Lair:5)
  3 boulder beetles
  Erolcha (Orc:2)
  2 two-headed ogres
  2 alligator snapping turtles
  A satyr (Shoals:4)
  2 centaur warriors (Shoals:1)
  A death yak (Lair:3)
  A tengu warrior (D:15)
  A skeletal warrior (D:12)
  4 sea snakes
  A wizard (D:14)
  14 harpies
  An orc knight (Orc:2)
  A deep elf pyromancer (D:12)
  6 ugly things
  4 cyclopes
  A faun (Shoals:3)
  7 manticores
  8 elephants
  2 merfolk sirens
  2 black mambas (Lair:4)
  A water nymph (Shoals:4)
  2 torpor snails (Lair:5)
  A gargoyle (D:13)
  2 kobold demonologists (D:14)
  A rime drake (Lair:5)
  7 cane toads
  3 komodo dragons
  A tengu conjurer (D:15)
  A freezing wraith (D:15)
  4 trolls
  5 blink frogs
  20 merfolk
  7 wind drakes
  8 slime creatures
  3 snapping turtles
  7 dream sheep
  2 water elementals
  A vampire (D:14)
  A centaur simulacrum (D:14)
  A wyvern (Lair:5)
  5 wraiths
  2 shadows (D:11)
  17 yaks
  4 fire elementals (D:14)
  4 basilisks
  A hell hound (D:14)
  An acid dragon (D:11)
  5 water moccasins
  An ice beast (Lair:3)
  A sky beast (D:7)
  13 orc warriors
  An ogre (Orc:1)
  3 centaurs
  A phantom (D:4)
  A scorpion (D:7)
  2 bullfrogs
  An earth elemental (D:11)
  3 killer bees (D:10)
  2 electric eels (Lair:1)
  A howler monkey (D:6)
  A hound (D:7)
  3 jellies
  An orc priest (Orc:2)
  An orc wizard (Orc:1)
  3 ogre zombies (D:11)
  A hound skeleton (D:5)
  An adder (D:6)
  A white imp (Lair:3)
  17 orcs
  An endoplasm (Lair:4)
  3 goblins (D:3)
  A hobgoblin (D:3)
  A goblin skeleton (D:7)
  A hobgoblin zombie (D:7)
  A kobold skeleton (D:7)
  An orc skeleton (D:11)
  4 orc zombies
  2 fungi
  A tentacle (Shoals:1)
274 creatures vanquished.

Vanquished Creatures (others)
  A spectral hydra (Shoals:4)
  A sea snake zombie (Shoals:2)
  A hydra zombie (Lair:4)
  4 harpy zombies
  5 merfolk zombies (Shoals:4)
  4 wind drake zombies
  4 cane toad zombies
  A manticore zombie (Shoals:4)
  2 elephant zombies (Lair:2)
  4 blink frog zombies
  A snapping turtle zombie (Shoals:4)
  2 rime drake zombies
  A komodo dragon zombie (Lair:5)
  A wyvern zombie (Lair:5)
  3 water moccasin zombies
  A troll zombie (D:10)
  5 yak zombies
  5 centaur zombies
  3 bullfrog zombies
  An ogre zombie (Orc:2)
  A scorpion zombie (Lair:1)
  A killer bee zombie (D:10)
  5 ice beast zombies (Lair:3)
  An acid dragon zombie (D:10)
  A spectral electric eel (Lair:1)
  2 adder zombies
  5 jelly zombies (Lair:4)
  3 spectral shadow imps
  A spectral white imp (D:7)
  2 gnoll zombies (D:5)
  A ball python zombie (D:4)
  A dart slug zombie (D:4)
  4 goblin zombies (D:3)
  2 hobgoblin zombies
  6 kobold zombies (D:9)
  34 orc zombies
  2 quokka zombies (D:5)
  2 spectral ufetubi
  74 fungi
  309 plants
  4 tentacles (Shoals:1)
  23 withered plants
534 creatures vanquished.

Grand Total: 1311 creatures vanquished

Notes
Turn   | Place    | Note
-------+----------+-------------------------------------------
     0 | D:1      | porpoise the Merfolk Gladiator began the quest for the Orb.
     0 | D:1      | Reached XP level 1. HP: 16/16 MP: 1/1
   370 | D:1      | Reached XP level 2. HP: 23/23 MP: 2/2
   376 | D:1      | Found a faded altar of an unknown god.
   476 | D:1      | You fall into a shaft and drop 1 floor!
   595 | D:1      | Reached skill level 3 in Fighting
   636 | D:1      | Reached XP level 3. HP: 29/29 MP: 3/3
   947 | D:1      | Reached skill level 5 in Polearms
  1387 | D:2      | Reached XP level 4. HP: 36/36 MP: 4/4
  1936 | D:3      | Reached skill level 4 in Fighting
  1990 | D:3      | Found a bloodstained altar of Trog.
  2101 | D:3      | Noticed Jessica
  2105 | D:3      | Killed Jessica
  2106 | D:3      | Reached XP level 5. HP: 42/42 MP: 5/5
  2110 | D:3      | Found a basalt altar of Yredelemnul.
  2118 | D:3      | Became a worshipper of Yredelemnul the Dark
  2298 | D:3      | Noticed Robin
  2316 | D:3      | Reached * piety under Yredelemnul
  2326 | D:3      | Gained mutation: Your natural rate of healing is unusually
                  | fast. [potion of mutation]
  2328 | D:3      | Killed Robin
  2644 | D:4      | Found a snail-covered altar of Cheibriados.
  2766 | D:4      | Noticed a phantom
  2782 | D:4      | Killed a phantom
  2783 | D:4      | Reached skill level 5 in Fighting
  2783 | D:4      | Reached XP level 6. HP: 51/51 MP: 6/6
  3160 | D:4      | Noticed a steam dragon
  3172 | D:4      | Killed a steam dragon
  3173 | D:4      | Reached skill level 6 in Fighting
  3173 | D:4      | Reached XP level 7. HP: 39/58 MP: 7/7
  3227 | D:4      | Found a one-way gate to the infinite horrors of the Abyss.
  3231 | D:4      | Noticed xian's ghost (amateur TrGl)
  3252 | D:4      | Found a transporter.
  3266 | D:4      | Noticed a small abomination
  3276 | D:4      | Found a transporter.
  3661 | D:5      | Entered Level 5 of the Dungeon
  3834 | D:5      | Reached skill level 7 in Fighting
  3834 | D:5      | Reached XP level 8. HP: 11/67 MP: 8/8
  3922 | D:5      | Reached skill level 1 in Invocations
  4078 | D:5      | Reached skill level 1 in Armour
  4242 | D:5      | Reached ** piety under Yredelemnul
  4243 | D:5      | Reached skill level 10 in Polearms
  4305 | D:5      | Found an ornate altar of the Wu Jian Council.
  4621 | D:5      | Reached XP level 9. HP: 72/72 MP: 10/12
  5000 | D:5      | Found a staircase to the Ecumenical Temple.
  5476 | D:6      | Reached skill level 5 in Invocations
  6116 | D:7      | Found a glowing golden altar of the Shining One.
  6286 | D:7      | Noticed Pikel
  6316 | D:7      | Killed Pikel
  6387 | D:7      | Identified the +9 short sword of the Hierophant {speed,
                  | rElec Will+}
  6609 | D:7      | Reached skill level 1 in Short Blades
  7145 | D:8      | Noticed a skeletal warrior
  7173 | D:8      | Killed a skeletal warrior
  7174 | D:8      | Reached XP level 10. HP: 42/79 MP: 13/15
  7227 | D:8      | Found a staircase to the Lair.
  7277 | D:8      | Reached skill level 5 in Armour
  7535 | D:8      | Found a runed translucent gate.
  7535 | D:8      | Found a runed translucent gate.
  7535 | D:8      | Found a runed translucent gate.
  7594 | D:8      | Found a blossoming altar of Fedhas.
  7849 | D:8      | Noticed voltaire321's ghost (novice DgCj)
  7908 | D:9      | Found a white marble altar of Elyvilon.
  7924 | D:9      | Noticed a two-headed ogre
  7959 | D:9      | Killed a two-headed ogre
  7960 | D:9      | Reached skill level 5 in Dodging
  8056 | D:9      | Found an iron altar of Okawaru.
  8210 | D:9      | Paralysed by a hornet for 2 turns
  8386 | D:9      | Noticed a deep elf pyromancer
  8412 | D:9      | Killed a deep elf pyromancer
  8413 | D:9      | Reached skill level 8 in Fighting
  8494 | D:9      | Identified the +3 leather armour "Besaoste" {Int+4 SInv}
  8518 | D:9      | Reached XP level 11. HP: 86/86 MP: 16/16
  9053 | D:10     | Entered Level 10 of the Dungeon
  9369 | D:10     | Reached skill level 9 in Fighting
  9469 | D:10     | Found a hide-covered altar of Uskayaw.
  9667 | D:10     | Reached *** piety under Yredelemnul
 10082 | Lair:1   | Entered Level 1 of the Lair of Beasts
 10243 | Lair:1   | Noticed a catoblepas
 10262 | Lair:1   | Killed a catoblepas
 10263 | Lair:1   | Reached skill level 10 in Fighting
 10804 | Lair:1   | Reached skill level 11 in Fighting
 10815 | Lair:1   | Reached **** piety under Yredelemnul
 11611 | Lair:2   | Reached skill level 12 in Fighting
 11622 | Lair:2   | Reached XP level 12. HP: 91/102 MP: 17/17
 11864 | Lair:2   | Found a blossoming altar of Fedhas.
 12149 | Lair:3   | Noticed a death yak
 12149 | Lair:3   | Noticed a death yak
 12163 | Lair:3   | Noticed a death yak
 12164 | Lair:3   | Noticed a death yak
 12193 | Lair:2   | Killed a death yak
 12194 | Lair:2   | Reached skill level 13 in Fighting
 12273 | Lair:3   | Found a hole to the Spider Nest.
 12672 | Lair:3   | Found a staircase to the Shoals.
 12846 | Lair:3   | Killed a death yak
 12875 | Lair:3   | Killed a death yak
 12893 | Lair:3   | Reached skill level 1 in Evocations
 12911 | Lair:3   | Killed a death yak
 12912 | Lair:3   | Reached skill level 14 in Fighting
 13029 | Lair:3   | Identified a scroll of acquirement
 13030 | Lair:3   | Acquired a manual of Fighting
 13684 | Lair:4   | Noticed a six-headed hydra
 13700 | Lair:4   | Killed a six-headed hydra
 13752 | Lair:4   | Identified the +1 buckler of the Nexus {Contam Regen+ Dex+8
                  | Stlth+}
 13918 | Lair:4   | Learned a level 4 spell: Summon Ice Beast
 14053 | Lair:4   | Reached XP level 13. HP: 92/113 MP: 18/18
 14055 | Lair:4   | Reached skill level 10 in Dodging
 14113 | Lair:4   | Found a staircase to the Slime Pits.
 14113 | Lair:4   | Found a viscous altar of Jiyva.
 14301 | Lair:4   | Learned a level 4 spell: Olgreb's Toxic Radiance
 14404 | Lair:4   | Identified the +0 trident "Ludgh" {freeze, rPois}
 14442 | Lair:4   | Reached ***** piety under Yredelemnul
 14599 | Lair:4   | Found the +1 robe of Vines {NoPotionHeal Regen++++}
 14621 | Lair:4   | Reached ****** piety under Yredelemnul
 14631 | Lair:4   | Reached skill level 5 in Evocations
 15055 | Lair:4   | Reached skill level 15 in Fighting
 15060 | Lair:4   | Found the +8 whip "Snakebite" {venom, curare, rPois}
 15162 | Lair:5   | Entered Level 5 of the Lair of Beasts
 15306 | Lair:5   | Reached skill level 1 in Shields
 15433 | Lair:5   | Reached skill level 16 in Fighting
 15691 | Lair:5   | Reached XP level 14. HP: 126/126 MP: 20/20
 15831 | Lair:5   | Reached skill level 17 in Fighting
 16718 | D:11     | Reached skill level 5 in Shields
 16848 | D:11     | Found Rupimeock's Distillery.
 16856 | D:11     | Bought a potion of berserk rage for 80 gold pieces
 16953 | D:11     | Found a staircase to the Orcish Mines.
 17018 | D:11     | Found Tosaegig's Jewellery Shoppe.
 17061 | D:11     | Found Vajuon's Magic Scroll Boutique.
 17122 | D:11     | Found Soruysm's Magic Scroll Emporium.
 17615 | D:11     | Found Tausiekh's Pet Rocks.
 17636 | D:11     | Found Ziroisao's Book Emporium.
 18179 | D:12     | Found a runed translucent gate.
 18180 | D:12     | Found a runed translucent gate.
 18180 | D:12     | Noticed Newt's ghost (journeyman DsGl)
 18181 | D:12     | Found a runed translucent gate.
 18258 | D:12     | Reached skill level 10 in Invocations
 18588 | D:12     | Reached skill level 18 in Fighting
 18868 | D:13     | Found a gate to the Vaults.
 19789 | D:14     | Noticed Azrael
 19797 | D:14     | Killed Azrael
 19801 | D:14     | Reached XP level 15. HP: 106/138 MP: 23/23
 19803 | D:14     | Reached skill level 19 in Fighting
 19887 | D:14     | Found a gate leading to a gauntlet.
 19915 | Gauntlet | Entered a Gauntlet
 19915 | Gauntlet | Found a transporter.
 19915 | Gauntlet | Found a transporter.
 19915 | Gauntlet | Found a transporter.
 19939 | Gauntlet | Found a transporter.
 19942 | Gauntlet | Found a transporter.
 19952 | Gauntlet | Found a transporter.
 20017 | Gauntlet | Found a transporter.
 20027 | Gauntlet | Found a transporter.
 20042 | Gauntlet | Found a transporter.
 20058 | Gauntlet | Found a transporter.
 20067 | Gauntlet | Found a transporter.
 20073 | Gauntlet | Found a transporter.
 20167 | Gauntlet | Identified the ring "Ginyst" {rElec rC+ rN++ rCorr Dex-5}
 20235 | Gauntlet | Identified the +4 broad axe "Vypsam" {spect, rPois rN+
                  | Will+}
 21478 | D:15     | Entered Level 15 of the Dungeon
 21531 | D:15     | Reached skill level 1 in Axes
 21886 | D:15     | Found a staircase to the Depths.
 22291 | Orc:1    | Entered Level 1 of the Orcish Mines
 22456 | Orc:2    | Entered Level 2 of the Orcish Mines
 22461 | Orc:2    | Found a staircase to the Elven Halls.
 22479 | Orc:2    | Found Ela Cot's Weapon Boutique.
 22722 | Orc:2    | Noticed Erolcha
 22728 | Orc:2    | Killed Erolcha
 22816 | Orc:2    | Your ally Erolcha died
 22960 | Orc:2    | Upgraded the game from 0.30-a0-39-g42789b21ef to
                  | 0.30-a0-40-gc6d0f036a7
 23345 | Orc:2    | Found a transporter.
 23364 | Orc:2    | Found Soviw's Armour Emporium.
 23364 | Orc:2    | Found Xetu's Magic Scroll Boutique.
 23364 | Orc:2    | Found Hituex's Assorted Antiques.
 23367 | Orc:2    | Found Asaos's Distillery.
 23372 | Orc:2    | Bought a scroll of amnesia for 48 gold pieces
 23372 | Orc:2    | Bought a scroll of magic mapping for 90 gold pieces
 23372 | Orc:2    | Bought a scroll of teleportation for 36 gold pieces
 23372 | Orc:2    | Bought a scroll of fear for 48 gold pieces
 23372 | Orc:2    | Bought a scroll of blinking for 90 gold pieces
 23379 | Orc:2    | Bought a potion of berserk rage for 80 gold pieces
 23379 | Orc:2    | Bought a potion of heal wounds for 80 gold pieces
 23486 | Orc:2    | Found a transporter.
 23488 | Orc:2    | Noticed porpoise's ghost (journeyman MfGl)
 24018 | Orc:1    | Noticed an orc warlord
 24026 | Orc:1    | Killed an orc warlord
 24446 | Shoals:1 | Entered Level 1 of the Shoals
 24498 | Shoals:1 | Reached skill level 20 in Fighting
 24636 | Shoals:1 | Reached XP level 16. HP: 134/148 MP: 25/25
 24656 | Shoals:1 | Reached skill level 5 in Axes
 24656 | Shoals:1 | Reached skill level 5 in Throwing
 24673 | Shoals:1 | Found Verph's Antique Armour Boutique.
 24843 | Shoals:1 | Noticed a kraken
 24850 | Shoals:1 | Killed a kraken
 25552 | Shoals:2 | Reached skill level 1 in Spellcasting
 27030 | Shoals:4 | Entered Level 4 of the Shoals
 27443 | D:11     | Bought a scroll of enchant weapon for 90 gold pieces
 27443 | D:11     | Bought a scroll of fear for 48 gold pieces
 28077 | Shoals:4 | Identified the ring "Umaeh" {*Slow Str+7 Dex+6}
 28241 | Shoals:4 | Reached XP level 17. HP: 139/155 MP: 21/26
 28375 | Shoals:4 | HP: 3/155 [water nymph/the raging water (16)]
 28379 | Shoals:4 | Got the Codex of Transmutation
 28380 | Shoals:4 | Slain by a merfolk

Illustrated notes

Levels and vault maps discovered:
D:1:      lightli_arrival_noodles, layout_loops_corners,
          shapermc_ecumenical_altar_starsandcircs
D:2:      layout_basic
D:3:      layout_basic, mainiacjoe_overflow_cross_hatched,
          mainiacjoe_overflow_surrounded_room, uniq_robin, uniq_jessica
D:4:      layout_loops_ring, cheibriados_altar_1,
          gammafunk_ghost_abyssal_escape, grunt_decor_resistance
D:5:      layout_gridville, nicolae_wu_jian_glorious_leap,
          minmay_temple_entry_trees, serial_undead, serial_undead_b,
          serial_undead_c, serial_undead_f, serial_undead_a, serial_undead_a,
          serial_undead_d, serial_undead_a, serial_undead_c, kennysheep_donut,
          fountainhead, st_stairs_14, dk_vineyard_1,
          minmay_misc_feat_more_columns, chequers_serial_rivers_micro_d
D:6:      layout_gridville, kennysheep_another_room
D:7:      layout_basic, nicolae_tso_besieged_by_evil, eino_tiny_chamber,
          uniq_pikel
D:8:      minmay_inner_zag, layout_loops_cross, kennysheep_mini_moat,
          david_lair_generic, gammafunk_ghost_necromancy,
          hangedman_abyss_or_decor_clamps
D:9:      layout_loops_ring, lemuel_crystal_altar,
          lemuel_coloured_pillars_altar, wad_dig_loot
D:10:     layout_roguey, mainiacjoe_overflow_alcove_4, minmay_fractal_squares_5
D:11:     layout_loops_corners, zombieorc1_lemuel, serial_shops,
          nicolae_stop_n_shop_2, shop_fountains, nicolae_shop_waterfront,
          nicolae_shop_stone, shop, guppyfry_shop_earth
D:12:     layout_layer_cave, gammafunk_ghost_hydra_chop
D:13:     layout_loops_cross, erik_vaults_2
D:14:     layout_irregular_city, moated_statue, gauntlet_entry_generic,
          hangedman_abyss_or_decor_stabs, uniq_azrael
D:15:     gammafunk_enter_depths_forms, layout_rooms
Lair:1:   layout_loops_ring, serial_bayou, serial_bayou_lagoon_b,
          serial_bayou_pond_a, serial_bayou_pond_e, serial_bayou_shore_b,
          serial_bayou_lagoon_a, serial_bayou_shore_a
Lair:2:   layout_cave_shapes, st_stairs_10, hangedman_tree_tricks,
          infiniplex_staircase_pool
Lair:3:   layout_small_grid, minmay_shoals_entry_beasts,
          spider_nest_entry_rubble, ice2_lemuel
Lair:4:   minmay_guarded_unrand_snakebite, layout_loops_ring,
          minmay_slime_entry_jelly_boxes, serial_bayou_ford_a,
          hellmonk_guarded_unrand_vines
Lair:5:   gammafunk_lair_ancient_temple, layout_loops_ring
Shoals:1: layout_shoals, serial_shops, nicolae_shop_hallway_stairs
Shoals:2: layout_shoals
Shoals:3: layout_shoals
Shoals:4: shoals_end_simple, layout_shoals
Orc:1:    layout_caves, minmay_orc_barracks
Orc:2:    st_orc_rangers, layout_diamond_mine,
          gammafunk_ghost_berserking_beasts, serial_shops,
          nicolae_shop_bloodbath_and_beyond, mines2_david, uniq_erolcha

Skill      XL: |  1  2  3  4  5  6  7  8  9 10 11 12 13 14 15 16 17 |
---------------+----------------------------------------------------+-----
Fighting       | 3 4 5 6 7 8 12 14 16 18 20 | 20.0
Polearms       | 5 6 8 9 10 12 13 14 | 14.0
Invocations    | 4 7 8 11 12 | 12.0
Armour         | 2 4 5 7 |  7.0
Short Blades   | 2 |  2.0
Dodging        | 6 9 12 14 | 14.0
Evocations     | 3 5 6 7 |  7.0
Shields        | 4 7 |  7.0
Axes           | 4 8 9 |  9.1
Throwing       | 4 7 |  7.0
Spellcasting   | 3 |  3.0

Action                   |  1- 3 |  4- 6 |  7- 9 | 10-12 | 13-15 | 16-18 || total
-------------------------+-------+-------+-------+-------+-------+-------++-------
Melee: Trident           |   105 |   163 |   560 |   831 |   823 |       ||  2482
       Punch             |       |       |     5 |    10 |       |       ||    15
       Short sword       |       |       |    38 |    12 |       |       ||    50
       Tailslap          |       |       |       |    31 |    11 |    13 ||    55
       Broad axe         |       |       |       |       |   124 |   131 ||   255
       Demon trident     |       |       |       |       |       |    68 ||    68
 Fire: Sling             |       |       |     3 |     7 |       |       ||    10
Throw: Throwing net      |       |       |     1 |     2 |       |       ||     3
       Dart              |       |       |       |     6 |    10 |       ||    16
       Javelin           |       |       |       |     2 |       |       ||     2
Invok: Recall Undead Har |       |       |       |       |     4 |       ||     4
       Bind Soul         |       |       |       |       |     1 |       ||     1
       Dark Bargain      |       |       |       |       |     1 |     1 ||     2
Evoke: Wand              |       |       |       |     1 |     8 |     2 ||    11
       Lightning rod     |       |       |       |       |     8 |       ||     8
       Box of beasts     |       |       |       |       |     3 |     1 ||     4
       Phial of floods   |       |       |       |       |     1 |       ||     1
  Use: Potion            |       |     2 |     5 |    12 |     2 |     4 ||    25
       Scroll            |       |       |    10 |     8 |     8 |     9 ||    35
 Stab: Sleeping          |     3 |       |     1 |     1 |    25 |     3 ||    33
       Distracted        |       |     1 |     4 |     7 |    20 |     5 ||    37
       Held in net/web   |       |       |     4 |       |       |       ||     4
       Invisible         |       |       |       |    10 |     4 |       ||    14
Armor: Leather armour    |    30 |     2 |    95 |    68 |   123 |    53 ||   371
       Ring mail         |       |    52 |    60 |       |       |       ||   112
       Chain mail        |       |       |     2 |   101 |       |       ||   103
       Skin              |       |       |       |    56 |       |       ||    56
Dodge: Dodged            |    54 |    97 |   246 |   271 |   382 |   187 ||  1237
Block: Other             |       |       |       |    73 |       |       ||    73
       Reflection        |       |       |       |     3 |    50 |     9 ||    62
       Buckler           |       |       |       |     2 |   378 |   137 ||   517

Table legend: (Time is in decaauts)
 A = Elapsed time spent in this place.
 B = Non-inter-level travel time spent in this place.
 C = Inter-level travel time spent in this place.
 D = Time resting spent in this place.
 E = Time spent auto-exploring this place.
 F = Levels seen in this place.
 G = Mean time per level.
                   A        B        C        D        E       F      G
               +--------+--------+--------+--------+--------+-----+--------+
         Total |  32853 |  30302 |   2551 |   4737 |  19660 |  27 | 1216.8 |
       Dungeon |  17207 |  15720 |   1487 |   2490 |  10250 |  15 | 1147.1 |
          Lair |   7786 |   7014 |    772 |   1292 |   4080 |   5 | 1557.2 |
        Shoals |   5276 |   5033 |    243 |    425 |   3877 |   4 | 1319.0 |
  Orcish Mines |   2196 |   2148 |     48 |    502 |   1272 |   2 | 1098.0 |
      Gauntlet |    387 |    387 |      0 |     28 |    180 |   1 |  387.0 |
               +--------+--------+--------+--------+--------+-----+--------+

Top non-repeatable levels by time:
  Lair:1: 1920 daAuts
Shoals:2: 1871 daAuts
  Lair:4: 1658 daAuts
  Lair:3: 1594 daAuts
  Lair:5: 1593 daAuts
     D:5: 1535 daAuts
     D:9: 1502 daAuts
   Orc:2: 1395 daAuts
    D:11: 1346 daAuts
     D:1: 1343 daAuts
    D:14: 1335 daAuts
     D:8: 1332 daAuts
    D:12: 1320 daAuts
Shoals:3: 1309 daAuts
     D:4: 1258 daAuts
